 Dungeon Crawl Stone Soup version 0.27-a0-1612-gde56a17b89 (webtiles) character file.

Game seed: 4802628102179431235

1531 Phlounder the Magician (level 9, 0/58 HPs)
             Began as a Djinni Hedge Wizard on July 21, 2021.
             Slain by an ice beast (3 damage)
             ... on level 6 of the Dungeon.
             The game lasted 00:15:52 (7654 turns).

Phlounder the Magician (Djinni Hedge Wizard)        Turns: 7654, Time: 00:15:54

Health: 0/58       AC:  5    Str:  9    XL:     9   Next: 10%
Gold:   386        EV: 13    Int: 20    God:
                   SH:  0    Dex: 15

rFire    + + .     SeeInvis .   g - +2 short sword (venom)
rCold    x . .     Faith    .   (no shield)
rNeg     . . .     Spirit   .   u - +1 robe {Will+}
rPois    ∞         Reflect  .   v - +0 helmet of Card Tricks {Will+ Dex+3}
rElec    .         Harm     .   c - +0 cloak
rCorr    .         Rampage  .   (no gloves)
Will     ++...                  (boots unavailable)
Stlth    +++.......             (no amulet)
HPRegen  0.19/turn              (no ring)
MPRegen  0.00/turn              (no ring)

@: flying
A: sickness immunity, fire resistance 2, cold vulnerability 1, float, innate
caster, hp casting, extra vitality 1
a: no special abilities


You were on level 6 of the Dungeon.
You visited 1 branch of the dungeon, and saw 6 of its levels.

You collected 386 gold pieces.

Inventory:

Hand Weapons
 a - a +0 dagger
 g - a +2 short sword of venom (weapon)
Missiles
 e - 111 stones
Armour
 c - a +0 cloak (worn)
 u - a +1 robe of willpower (worn)
 v - the +0 helmet of Card Tricks (worn) {Will+ Dex+3}
   (You found it on level 5 of the Dungeon)

   Dex:       It affects your dexterity (+3).
   Will:      It increases your willpower.
Wands
 s - a wand of polymorph (8)
 t - a wand of flame (14)
Scrolls
 d - 2 scrolls of noise {unknown}
 j - 4 scrolls of teleportation {unknown}
 l - a scroll of fear {unknown}
 n - 3 scrolls of identify {unknown}
 o - 4 scrolls of enchant armour {unknown}
 q - 3 scrolls of enchant weapon {unknown}
 r - a scroll of vulnerability {unknown}
Potions
 b - 2 potions of haste {unknown}
 f - a potion of cancellation {unknown}
 h - 4 potions of curing
 i - 4 potions of heal wounds {unknown}
 k - 3 potions of might {unknown}
 m - a potion of degeneration {unknown}
 p - a potion of brilliance {unknown}


   Skills:
 + Level 2.2 Fighting
 + Level 3.1 Short Blades
 + Level 3.4 Dodging
 + Level 3.8 Stealth
 * Level 7.0 Spellcasting


You couldn't memorise any spells.
You knew the following spells:

 Your Spells              Type           Power      Damage    Failure   Level
a - Magic Dart            Conj           100%       1d8       1%          1
b - Blink                 Tloc           N/A        N/A       1%          2
c - Call Imp              Summ           35%        N/A       1%          2
d - Slow                  Hex            35%        N/A       1%          2
e - Conjure Flame         Conj/Fire      35%        6-21      1%          3
f - Mephitic Cloud        Conj/Pois/Air  35%        N/A       1%          3
g - Animate Skeleton      Necr           70%        N/A       1%          1
h - Passwall              Tmut/Erth      29%        N/A       1%          2
i - Confusing Touch       Hex            35%        N/A       1%          3
j - Leda's Liquefaction   Hex/Erth       17%        N/A       4%          4
Your spell library was empty.

Dungeon Overview and Level Annotations

Branches:
Dungeon (6/15)
 Temple: D:4-7

Altars:
Dithmenos
Gozag
Kikubaaqudgha
Qazlal
Ru
Sif Muna
Uskayaw
Vehumet

Shops:
D:1 [

Annotations:
D:6 Eustachio


Innate Abilities, Weirdness & Mutations

You are immune to sickness and miasma.
You are immune to poison.
Your flesh is very heat resistant. (rF++)
You are vulnerable to cold. (rC-)
You float through the air rather than walking.
You learn spells naturally, not from books.
Your magical power is your life essence.
You have superior vitality. (+4 HP)


Message History

An ice beast comes into view.
The magic dart hits the ice beast.
The ice beast is lightly wounded.
The magic dart hits the ice beast!
The ice beast is heavily wounded.
The magic dart hits the ice beast but does no damage.
The ice beast is heavily wounded.
The magic dart hits the ice beast.
The ice beast is severely wounded.
The ice beast misses you.
The magic dart hits the ice beast.
The ice beast is almost dead.
The ice beast misses you.
The magic dart hits the ice beast but does no damage.
The ice beast is almost dead.
The ice beast hits you. The ice beast freezes you!
You feel a terrible chill!
The magic dart hits the ice beast but does no damage.
The ice beast is almost dead.
The ice beast hits you. The ice beast freezes you!
You feel a terrible chill!
You are too injured to fight recklessly!
You are too injured to fight recklessly!
Casting: Magic Dart (safe; 1% risk of failure)
Confirm with . or Enter, or press ? or * to list all spells.
Aiming: Magic Dart (safe; 1% risk of failure)
Press: ? - help, Shift-Dir - straight line, f/p - ice beast
Aim: an ice beast (severely wounded, 100% to hit)
The magic dart hits the ice beast.
The ice beast is almost dead.
The ice beast hits you. The ice beast freezes you!!
You feel a terrible chill!
* * * LOW HITPOINT WARNING * * *
Casting: Magic Dart (safe; 1% risk of failure)
Confirm with . or Enter, or press ? or * to list all spells.
Aiming: Magic Dart (safe; 1% risk of failure)
Press: ? - help, Shift-Dir - straight line, f/p - ice beast
Aim: an ice beast (almost dead, 100% to hit)
The magic dart hits the ice beast but does no damage.
The ice beast is almost dead.
* * * LOW HITPOINT WARNING * * *
The ice beast hits you.
You die...

..............#.........
............#.#.........
######.....#........## #..
#.....##.......#
#...##.....##.......#
#._........##.......######
#...##......:.............
#.. #.....###..##.######
## ###...@.#....##.######
........Y#....##......#
................#......#
..............#.#......#
..............#...######
..............##........
..............##........
......!......##........
................>[....


You could see an ice beast.

Vanquished Creatures
  Pikel (D:4)
  A hornet (D:5)
  Sigmund (D:5)
  Menkaure (D:4)
  Edmund (D:6)
  An orc warrior (D:5)
  An ogre (D:4)
  A centaur (D:5)
  2 lemures (D:4)
  A scorpion (D:6)
  2 water moccasin skeletons
  Crazy Yiuf (D:5)
  An orc priest (D:5)
  5 orc wizards
  A scorpion zombie (D:5)
  A howler monkey zombie (D:5)
  2 gnolls (D:5)
  5 adders
  An ufetubus (D:6)
  A worm (D:3)
  A dart slug (D:2)
  2 orcs
  6 endoplasms
  3 giant cockroaches
  4 goblins
  10 hobgoblins
  5 jackals
  2 quokkas
  4 ball pythons
  A bat (D:1)
  3 frilled lizards
  7 kobolds
  4 rats
83 creatures vanquished.

Vanquished Creatures (collateral kills)
  A centaur zombie (D:6)
  Ijyb (D:5)
  2 gnolls (D:5)
  A shadow imp (D:6)
5 creatures vanquished.

Vanquished Creatures (others)
  3 plants (D:2)
3 creatures vanquished.

Grand Total: 91 creatures vanquished

Notes
Turn   | Place    | Note
-------+----------+-------------------------------------------
     0 | D:1      | Phlounder the Djinni Hedge Wizard began the quest for the
                  | Orb.
     0 | D:1      | Reached XP level 1. HP: 15/15 MP: 0/0
   213 | D:1      | Reached XP level 2. HP: 10/21 MP: 0/0
   702 | D:1      | Reached skill level 3 in Spellcasting
   889 | D:1      | Reached XP level 3. HP: 21/25 MP: 0/0
   889 | D:1      | Learned a level 1 spell: Animate Skeleton
  1021 | D:1      | Found Woteisae's Antique Armour Shop.
  1752 | D:2      | Reached XP level 4. HP: 5/31 MP: 0/0
  3508 | D:3      | Reached XP level 5. HP: 12/35 MP: 0/0
  3508 | D:3      | Learned a level 2 spell: Passwall
  3926 | D:4      | Noticed Pikel
  3926 | D:4      | Noticed a lemure
  3926 | D:4      | Noticed a lemure
  3926 | D:4      | Noticed a lemure
  3926 | D:4      | Noticed a lemure
  3935 | D:4      | Killed a lemure
  3939 | D:4      | Killed a lemure
  3947 | D:4      | Killed Pikel
  3948 | D:4      | Reached skill level 5 in Spellcasting
  3948 | D:4      | Reached XP level 6. HP: 10/40 MP: 0/0
  4382 | D:4      | Reached XP level 7. HP: 40/45 MP: 0/0
  4382 | D:4      | Learned a level 3 spell: Confusing Touch
  4800 | D:4      | Found a stormy altar of Qazlal.
  4802 | D:4      | Noticed a fire elemental
  4925 | D:4      | Noticed a water elemental
  4935 | D:4      | Noticed an air elemental
  5044 | D:4      | Found a hide-covered altar of Uskayaw.
  5062 | D:4      | Noticed Menkaure
  5072 | D:4      | Killed Menkaure
  5449 | D:5      | Entered Level 5 of the Dungeon
  5505 | D:5      | Noticed Sigmund
  5533 | D:5      | Killed Sigmund
  5534 | D:5      | Reached skill level 1 in Fighting
  5534 | D:5      | Reached skill level 1 in Short Blades
  5534 | D:5      | Reached skill level 6 in Spellcasting
  5534 | D:5      | Reached XP level 8. HP: 19/52 MP: 0/0
  5540 | D:5      | Noticed Ijyb
  5549 | D:5      | Killed Ijyb
  5829 | D:5      | Identified the +0 helmet of Card Tricks {Will+ Dex+3}
  6679 | D:5      | Noticed a hornet
  6686 | D:5      | Killed a hornet
  6968 | D:5      | Found a runed translucent door.
  6969 | D:5      | Noticed Crazy Yiuf
  6980 | D:5      | Killed Crazy Yiuf
  7229 | D:6      | Reached skill level 7 in Spellcasting
  7229 | D:6      | Reached XP level 9. HP: 51/58 MP: 0/0
  7229 | D:6      | Learned a level 4 spell: Leda's Liquefaction
  7295 | D:6      | Noticed Eustachio
  7296 | D:6      | Found a shadowy altar of Dithmenos.
  7298 | D:6      | Found a sacrificial altar of Ru.
  7300 | D:6      | Noticed Edmund
  7427 | D:6      | Killed Edmund
  7641 | D:6      | Found an opulent altar of Gozag.
  7654 | D:6      | Slain by an ice beast

Illustrated notes

Levels and vault maps discovered:
D:1:      heliophobic_arrival_enchanted_forest, layout_basic, serial_shops,
          nicolae_square_shop, minmay_heptomino_w4
D:2:      layout_rooms, serial_bayou, serial_bayou_shore_b, serial_bayou_lake_a,
          serial_bayou_crossing, serial_bayou_pond_c, serial_bayou_pond_e,
          kennysheep_generic_room_14
D:3:      layout_loops_ring
D:4:      layout_gridville, palyth_temple_overflow_mages,
          nicolae_qazlal_style_of_elements, mainiacjoe_overflow_brackets,
          grunt_decor_arrowhead, chequers_jeans, uniq_menkaure, uniq_pikel
D:5:      layout_loops_ring, minmay_small_thing, uniq_sigmund,
          uniq_crazy_yiuf_cottage, uniq_ijyb
D:6:      layout_basic, mainiacjoe_overflow_alcove_2,
          grunt_temple_overflow_open, uniq_eustachio, uniq_edmund

Skill      XL: |  1  2  3  4  5  6  7  8  9 |
---------------+----------------------------+-----
Spellcasting   | 3 5 6 7 |  7.0
Stealth        | 2 3 |  3.8
Fighting       | 1 2 |  2.2
Short Blades   | 1 2 3 |  3.1
Dodging        | 3 |  3.4

Action                   |  1- 3 |  4- 6 |  7- 9 || total
-------------------------+-------+-------+-------++-------
Melee: Dagger            |     1 |       |       ||     1
       Short sword       |     6 |    21 |    97 ||   124
Throw: Stone             |       |     1 |     1 ||     2
 Cast: Magic Dart        |    84 |    51 |    33 ||   168
       Call Imp          |       |     1 |     8 ||     9
       Mephitic Cloud    |       |     5 |    18 ||    23
       Animate Skeleton  |       |       |     3 ||     3
  Use: Potion            |       |       |     2 ||     2
 Stab: Confused          |       |     2 |     4 ||     6
       Sleeping          |       |       |     3 ||     3
Armor: Robe              |     3 |     3 |    20 ||    26
Dodge: Dodged            |    11 |    12 |    56 ||    79

Table legend: (Time is in decaauts)
 A = Elapsed time spent in this place.
 B = Non-inter-level travel time spent in this place.
 C = Inter-level travel time spent in this place.
 D = Time resting spent in this place.
 E = Time spent auto-exploring this place.
 F = Levels seen in this place.
 G = Mean time per level.
                   A        B        C        D        E       F      G
               +--------+--------+--------+--------+--------+-----+--------+
         Total |   7657 |   7541 |    116 |    618 |   6254 |   6 | 1276.2 |
       Dungeon |   7657 |   7541 |    116 |    618 |   6254 |   6 | 1276.2 |
               +--------+--------+--------+--------+--------+-----+--------+

Top non-repeatable levels by time:
     D:1: 1678 daAuts
     D:4: 1629 daAuts
     D:5: 1590 daAuts
     D:2: 1259 daAuts
     D:3: 885 daAuts
     D:6: 614 daAuts
